 Dungeon Crawl Stone Soup version 0.31-a0-354-g827e0957a7 (webtiles) character file.

Game seed: 12081742710937988610

109 mopl the Insei (level 4, -7/29 HPs)
             Began as an Octopode Shapeshifter on July 23, 2023.
             Mangled by a two-headed ogre
             ... wielding a +0 giant club
              (17 damage)
             ... on level 5 of the Dungeon.
             The game lasted 00:02:31 (2107 turns).

mopl the Insei (Octopode Shapeshifter)              Turns: 2107, Time: 00:02:32

Health: -7/29      AC:  1    Str: 14    XL:     4   Next: 90%
Magic:  4/4        EV: 13    Int: 10    God:
Gold:   213        SH:  0    Dex: 14    Spells: 3/3 levels left

rFire   . .          .
                       - Unarmed
rCold   . . .        (no shield)
rNeg    . . .        m - melded +2 hat
rPois   .            (no amulet)
rElec   .            (no ring)
rCorr   .            (no ring)
SInv    .            (no ring)
Will    .....        (no ring)
Stlth   ++           (no ring)
HPRegen 0.24/turn    (no ring)
MPRegen 0.09/turn    (no ring)
                     (no ring)

%: no passive effects
@: beast-form
A: beast (slay +2), almost no armour, amphibious, 8 rings, camouflage 1,
gelatinous body 1, (nimble swimmer 1), tentacles
a: Begin Untransformation


You were on level 5 of the Dungeon.
You were a hulking beast.
You visited 1 branch of the dungeon, and saw 4 of its levels.

You collected 213 gold pieces.

Inventory:

Missiles
 d - 6 boomerangs
 n - 10 poisoned darts (quivered)
Armour
 m - a +2 hat (melded)
Jewellery
 o - an amulet of faith {!P}
Talismans
 b - a beast talisman
Scrolls
 c - 2 scrolls of teleportation {unknown}
 e - 2 scrolls of identify {unknown}
 f - a scroll of brand weapon {unknown}
 g - a scroll of revelation {unknown}
 h - a scroll of amnesia {unknown}
 j - a scroll of silence {unknown}
 l - 2 scrolls of enchant weapon {unknown}
 q - a scroll of enchant armour {unknown}
 r - a scroll of noise {unknown}
Potions
 a - a potion of lignification {!q}
 i - 2 potions of resistance {unknown}
 k - a potion of degeneration {unknown}
 p - a potion of attraction {unknown}


   Skills:
 + Level 1.8 Fighting
 + Level 2.5 Dodging
 * Level 4.0 Unarmed Combat
 * Level 3.7 Shapeshifting


You had 3 spell levels left.
You didn't know any spells.
Your spell library was empty.

Dungeon Overview and Level Annotations

Branches:
Dungeon (3/15)

Altars:
Ashenzari
Trog

Shops:
D:1 :   D:2 :[[


Innate Abilities, Weirdness & Mutations

You are a hulking beast.
Your limbs bulge with bestial killing power. (Slay +2)
You cannot wear most types of armour.
You are amphibious.
You can wear up to eight rings at the same time.
Your skin changes colour to match your surroundings (Stealth+).
Your rubbery body absorbs attacks. (AC +1, EV +1)
((You are camouflaged when in or above water. (Stealth+)))
You have tentacles for arms and can constrict up to eight enemies at once.


Message History

q - a scroll labelled VEUNLE UGEIR You hear the slow rusting of a very distant drain.
Found a scroll labelled FYCZIKARAA.
r - a scroll labelled FYCZIKARAA A two-headed ogre comes into view.
It is wielding two +0 giant clubs.
The two-headed ogre shouts in stereo!
You hear two shouts!
Okay, then.
A two-headed ogre comes into view.
It is wielding a +0 giant spiked club and a +0 giant club.
Found a scroll labelled PUCETI RIE.
Throw: 12 darts (poison)
Press: ? - help, Shift-Dir - straight line, f - two-headed ogre
Aim: a two-headed ogre, wielding two +0 giant clubs (73% to hit)
You throw a poisoned dart.
The poisoned dart hits the two-headed ogre.
The two-headed ogre is poisoned.
Unknown command.
Throw: 11 darts (poison)
Press: ? - help, Shift-Dir - straight line, f/p - two-headed ogre
Aim: a two-headed ogre, wielding two +0 giant clubs (lightly wounded, poisoned, 73% to hit)
You throw a poisoned dart.
The poisoned dart hits the two-headed ogre.
The two-headed ogre looks even sicker.
The two-headed ogre is lightly wounded.
You bludgeon the two-headed ogre!
Your squeeze misses the two-headed ogre.
The two-headed ogre is moderately wounded.
The two-headed ogre closely misses you. The two-headed ogre barely misses you.
You tentacle-slap the two-headed ogre but do no damage.
The two-headed ogre is moderately wounded.
The two-headed ogre hits you with a +0 giant club!!
Ouch! That really hurt!
The two-headed ogre closely misses you.
You tentacle-slap the two-headed ogre but do no damage.
Your squeeze misses the two-headed ogre.
The two-headed ogre is moderately wounded.
You tentacle-slap the two-headed ogre but do no damage.
The two-headed ogre is moderately wounded.
The two-headed ogre hits you with a +0 giant club!
Ouch! That really hurt!
You die...

##.f.. .# #.....
.### #.... ###...
. # ##... ...?#
..#.###.#.. #...
......##. #..
#.#..### #.#
#...#... #h#
#....# #O# .
####.# #O#
##.##.... #(#
###......##.
#.#####...####.##.
#...O..#.###......
#.####.....#.####.
#.# #.#.##.#.##...
#.# #.#.##......##


You could see 2 two-headed ogres.

Vanquished Creatures
  A hound (D:5)
  3 adders (D:2)
  4 dart slugs
  5 endoplasms
  3 giant cockroaches
  A goblin (D:1)
  3 hobgoblins
  2 jackals (D:1)
  2 quokkas
  5 ball pythons
  6 bats
  4 frilled lizards
  4 kobolds
  4 rats
47 creatures vanquished.

Notes
Turn   | Place    | Note
-------+----------+-------------------------------------------
     0 | D:1      | mopl the Octopode Shapeshifter began the quest for the Orb.
     0 | D:1      | Reached XP level 1. HP: 13/13 MP: 1/1
    81 | D:1      | Found a transporter.
    85 | D:1      | Reached XP level 2. HP: 18/18 MP: 2/2
   133 | D:1      | Found a transporter.
   133 | D:1      | Found Isonuc's Book Shoppe.
   262 | D:1      | Found a faded altar of an unknown god.
   324 | D:1      | Reached XP level 3. HP: 22/23 MP: 3/3
   651 | D:2      | Found Qidemn's Book Shop.
   683 | D:2      | Found Gairutec's Armour Shop.
   720 | D:2      | Found Otoyfur's Antique Armour Emporium.
  1361 | D:2      | Reached XP level 4. HP: 28/28 MP: 4/4
  1810 | D:3      | Found a broken altar of Ashenzari.
  1922 | D:3      | Found a bloodstained altar of Trog.
  2020 | D:3      | You fall into a shaft and drop 2 floors!
  2020 | D:5      | Entered Level 5 of the Dungeon
  2030 | D:5      | Reached skill level 4 in Unarmed Combat
  2086 | D:5      | Noticed a two-headed ogre
  2092 | D:5      | Noticed a two-headed ogre
  2107 | D:5      | Mangled by a two-headed ogre

Illustrated notes

Levels and vault maps discovered:
D:1:      lemuel_arrival_hallway, layout_rooms, serial_shops,
          nicolae_shop_drivethru, shapermc_ecumenical_altar_acropolis,
          minmay_tiny_reverse_x
D:2:      layout_basic, serial_shops, nicolae_shop_advertising_works
          [nicolae_subvault_shop_adworks], nicolae_shop_just_a_little_nook,
          shop, chequers_serial_rivers_room_a
D:3:      layout_rooms, trog_three_pillars_becter, nicolae_ashenzari_skybound,
          hangedman_decor_growths, grunt_ministairs_9,
          chequers_serial_rivers_marsh
D:5:      layout_loops_ring, lemuel_doored_altar, portal_sewer_entry_e,
          serial_glass, glass_columns_a, glass_columns_a, nicolae_letterblocks
          [nicolae_letter_subblock, nicolae_letter_subblock,
          nicolae_letter_subblock, nicolae_letter_subblock,
          nicolae_letter_subblock, nicolae_letter_subblock,
          nicolae_letter_subblock, nicolae_letter_subblock,
          nicolae_letter_subblock, nicolae_letter_subblock,
          nicolae_letter_subblock, nicolae_letter_subblock,
          nicolae_letter_subblock, nicolae_letter_subblock,
          nicolae_letter_subblock, nicolae_letter_subblock,
          nicolae_letter_subblock, nicolae_letter_subblock,
          nicolae_letter_subblock, nicolae_letter_subblock,
          nicolae_letter_subblock, nicolae_letter_subblock,
          nicolae_letter_subblock, nicolae_letter_subblock,
          nicolae_letter_subblock]

Skill      XL: |  1  2  3  4 |
---------------+-------------+-----
Unarmed Combat | 4 |  4.0
Fighting       | |  1.8
Dodging        | |  2.5
Shapeshifting  | |  3.7

Action                     |  1- 3 |  4- 6 || total
---------------------------+-------+-------++-------
  Melee: Unarmed           |    55 |    26 ||    81
         Constrict         |    17 |     5 ||    22
         Tentacles         |    11 |     5 ||    16
         Punch             |     2 |     1 ||     3
  Throw: Dart              |       |     2 ||     2
Ability: Begin Untransform |       |     1 ||     1
   Stab: Sleeping          |     8 |       ||     8
 Armour: Skin              |     4 |       ||     4
  Dodge: Dodged            |    29 |    21 ||    50
   Form: Beast             |       |     1 ||     1

Table legend: (Time is in decaauts)
 A = Elapsed time spent in this place.
 B = Non-inter-level travel time spent in this place.
 C = Inter-level travel time spent in this place.
 D = Time resting spent in this place.
 E = Time spent auto-exploring this place.
 F = Levels seen in this place.
 G = Mean time per level.
                   A        B        C        D        E       F      G
               +--------+--------+--------+--------+--------+-----+--------+
         Total |   2101 |   1962 |    139 |     65 |   1521 |   4 |  525.2 |
       Dungeon |   2101 |   1962 |    139 |     65 |   1521 |   4 |  525.2 |
               +--------+--------+--------+--------+--------+-----+--------+

Top non-repeatable levels by time:
     D:2: 1174 daAuts
     D:1: 527 daAuts
     D:3: 312 daAuts
     D:5: 86 daAuts
